 Dungeon Crawl Stone Soup version 0.21.1-1-g345015fe64 (webtiles) character file.

26837 Ryomija the Severer (level 13, -1/119 HPs)
             Began as a Minotaur Berserker on May 14, 2018.
             Was a High Priest of Trog.
             Slain by Urug
             ... wielding a +2 glaive
              (13 damage)
             ... on level 12 of the Dungeon.
             The game lasted 00:52:16 (14645 turns).

Ryomija the Severer (Minotaur Berserker)           Turns: 14645, Time: 00:52:17

Health: -1/119     AC: 19    Str: 23    XL:     13   Next: 1%
Magic:  12/12      EV: 12    Int:  4    God:    Trog [*****.]
Gold:   607        SH:  0    Dex: 20    Spells: 12/12 levels left

rFire    . . .     SeeInvis .   y - +0 battleaxe
rCold    . . .     Gourm    .   (shield currently unavailable)
rNeg     . . .     Faith    .   W - +0 plate armour
rPois    .         Spirit   .   (helmet restricted)
rElec    .         Reflect  .   O - +1 cloak
rCorr    .         Harm     .   (no gloves)
MR       .....                  E - +0 pair of boots
Stlth    ..........             g - amulet of rage
HPRegen  0.29/turn              B - ring of Lugonu's Indignation {Wiz Dex+6}
MPRegen  0.13/turn              x - ring of stealth

@: lethally poisoned (-1 -> -2), berserk cooldown, slowed, very slow
A: retaliatory headbutt, horns 2
a: Berserk, Trog's Hand, Brothers in Arms, Burn Spellbooks, Renounce Religion,
Evoke Berserk Rage


You were on level 12 of the Dungeon.
You worshipped Trog.
Trog was extremely pleased with you.
You were very hungry.

You visited 2 branches of the dungeon, and saw 14 of its levels.
You also visited: Ossuary.

You collected 607 gold pieces.

Inventory:

Hand Weapons
 k - the +9 hunting sling "Josuvaq" {velocity, rC+ MR+, unknown}
   (Trog gifted it to you on level 12 of the Dungeon)

   Any stone fired from it inflicts extra damage.
   It protects you from cold.
   It affects your resistance to hostile enchantments.
 y - a +0 battleaxe (weapon)
 K - a +6 vampiric lajatang
 V - a +2 mace of holy wrath
Missiles
 T - 47 stones (quivered)
Armour
 A - the +1 leather armour of the Kraken {rN+ Int+6 Dex-4}
   (You found it on level 6 of the Dungeon)

   It affects your intelligence (+6).
   It affects your dexterity (-4).
   It protects you from negative energy.
 E - a +0 pair of boots (worn)
 O - a +1 cloak (worn)
 W - a +0 plate armour (worn)
Jewellery
 g - an amulet of rage (around neck)
 n - an uncursed ring of wizardry
 x - a ring of stealth (right hand)
 B - the ring of Lugonu's Indignation (left hand) {Wiz Dex+6}
   (You found it on level 5 of the Dungeon)

   [ring of wizardry]

   It improves your spell success rate.
   It affects your dexterity (+6).
Wands
 h - a wand of random effects (81)
 t - a wand of flame (75)
 J - a wand of acid (7)
 N - a wand of iceblast (6)
 P - a wand of enslavement (6)
 R - a wand of polymorph (9)
Scrolls
 b - 9 scrolls of teleportation {unknown}
 c - 8 scrolls of remove curse {unknown}
 d - 15 scrolls of identify {unknown}
 e - 4 scrolls of enchant armour {unknown}
 f - 2 scrolls of magic mapping {unknown}
 p - 8 scrolls of enchant weapon {unknown}
 v - 3 scrolls of fog {unknown}
 C - a scroll of acquirement {unknown}
 I - a scroll of fear {unknown}
 M - 2 scrolls of blinking {unknown}
 Q - a scroll of holy word {unknown}
 S - a scroll of noise {unknown}
Potions
 a - 2 potions of ambrosia {unknown}
 j - 6 potions of degeneration {unknown}
 l - 7 potions of heal wounds {unknown}
 m - 8 potions of curing {unknown}
 o - a potion of might {unknown}
 q - 2 potions of magic {unknown}
 r - 4 potions of flight {unknown}
 s - a potion of berserk rage {unknown}
 u - 2 potions of brilliance {unknown}
 w - a potion of invisibility {unknown}
 D - a potion of haste
 F - 4 potions of lignification {unknown}
 G - a potion of cancellation {unknown}
 H - a potion of agility {unknown}
Books
 z - a book of Frost

   Spells                             Type                      Level
   a - Freeze                         Ice                          1
   b - Throw Frost                    Conjuration/Ice              2
   c - Ozocubu's Armour               Charms/Ice                   3
   d - Throw Icicle                   Conjuration/Ice              4
   e - Summon Ice Beast               Ice/Summoning                4
   Trog disapproves of the use of such an item.
 L - a book of Necromancy

   Spells                             Type                      Level
   a - Pain                           Necromancy                   1
   b - Animate Skeleton               Necromancy                   1
   c - Vampiric Draining              Necromancy                   3
   d - Regeneration                   Charms/Necromancy            3
   e - Animate Dead                   Necromancy                   4
   f - Borgnjor's Vile Clutch         Necromancy/Earth             5
   Trog disapproves of the use of such an item.
Comestibles
 i - 18 rations


   Skills:
 - Level 12.4 Fighting
 + Level 17.8 Axes
 + Level 11.5 Armour
 - Level 8.0 Dodging


You had 12 spell levels left.
You didn't know any spells.

Dungeon Overview and Level Annotations

Branches:
Dungeon (13/15)            Temple (0/1) D:4            Lair (1/6) D:9
    Orc (0/2) D:9
 Vaults: D:13-14

Altars:
Kikubaaqudgha
Qazlal
Trog
Uskayaw
Yredelemnul
Zin

Shops:
D:6 !   D:8 *   D:11 %   D:12 =%   D:13 *

Annotations:
D:9 2 transporters
D:12 Urug
D:13 Nessos
Lair:1 Lokiki's ghost, novice DsAK; Saeniel's ghost, novice CeHu


Innate Abilities, Weirdness & Mutations

You reflexively headbutt those who attack you in melee.
You have a pair of horns on your head.


Message History

You feel sick. Urug closely misses you.
Things that are here:
a robe; a long sword You feel very sick.
You feel sick. Urug completely misses you.
You feel sick.
You feel sick. Urug closely misses you.
All of the chunks of flesh in your inventory have rotted away.
You feel sick.
You feel sick.
You feel sick.
Urug hits you from afar with an enchanted glaive!!
* * * LOW HITPOINT WARNING * * *
You feel sick.
You feel sick.
You feel sick. Urug closely misses you.
You feel sick.
You feel sick.
Urug hits you from afar with an enchanted glaive!
You die...

###.## #####[#########.# #....#
#...).....# ##+## #.#รท##
#.###.###.# ##...## #.###
#.###.###.###.....## #..##
#.........##.......##
#...###########...####.........##
.....................'.........'.
#...###########...####.........##
#..## ##@## ##.......## ##.# #.#
##.....## #.# #o# ##...## #.# #.#
##'## #.# #####.## #.# #.#
#......# #.###### #.# #.###..#
##....... #.## #[#
#..#######...##### #..# #[#
#.............#


You could see Urug.

Vanquished Creatures
  Rupert (D:13)
  2 centaur warriors
  3 two-headed ogres (D:11)
  The ghost of raetorn the Carver, a journeyman VSFi of Okawaru (D:10)
  4 skeletal warriors
  An unseen horror (D:13)
  A deep elf mage (D:12)
  An ugly thing (D:12)
  A manticore (D:12)
  Maurice (D:8)
  2 spiny frogs (Lair:1)
  2 gargoyles (D:13)
  2 trolls
  A polar bear (D:10)
  Grinder (D:3)
  7 hippogriffs
  Sigmund (D:2)
  A vampire (D:9)
  The ghost of Fymir27 the Ruffian, an amateur DrTm of Ashenzari (D:4)
  16 humans
  A basilisk (D:11)
  18 yaks
  2 hungry ghosts
  3 wargs (D:9)
  A porcupine (Lair:1)
  4 orc warriors
  3 ice beasts
  A hornet zombie (Ossuary)
  2 sky beasts
  A black bear (D:10)
  A necrophage (D:13)
  6 ogres
  4 phantoms
  2 wolves (D:10)
  11 centaurs
  A crocodile (Lair:1)
  2 big kobolds
  10 bullfrogs
  A gnoll sergeant (D:5)
  2 water moccasin zombies (Ossuary)
  2 scorpions
  5 killer bees (D:12)
  9 wights (D:12)
  6 howler monkeys (D:8)
  An electric eel (D:10)
  2 bullfrog zombies
  7 crimson imps
  2 quasits
  5 centaur zombies
  A bullfrog skeleton (D:6)
  3 jellies
  3 orc priests
  7 hounds
  8 orc wizards
  4 centaur skeletons
  2 iguanas
  13 worker ants
  Ijyb (D:3)
  Natasha (thrice) (D:3)
  3 hound zombies
  8 mummies (Ossuary)
  4 worker ant zombies
  A howler monkey zombie (Ossuary)
  Robin (D:3)
  A howler monkey skeleton (D:8)
  4 gnolls (D:4)
  10 adders
  A shadow imp (D:7)
  4 white imps (D:10)
  2 ufetubi (D:10)
  2 oozes (D:4)
  A worm zombie (D:7)
  8 adder zombies
  A worm (D:4)
  A dart slug (D:3)
  3 leopard geckos
  33 orcs
  A giant cockroach (D:5)
  9 goblins
  12 hobgoblins
  9 jackals
  6 quokkas
  A ball python skeleton (D:4)
  4 bats (D:1)
  A frilled lizard (D:2)
  A hobgoblin zombie (D:7)
  3 jackal zombies
  14 kobolds
  3 leopard gecko zombies (Ossuary)
  2 quokka skeletons
  5 rats
369 creatures vanquished.

Vanquished Creatures (others)
  A withered plant (Ossuary)
1 creature vanquished.

Grand Total: 370 creatures vanquished

Notes
Turn   | Place    | Note
-------+----------+-------------------------------------------
     0 | D:1      | Ryomija the Minotaur Berserker began the quest for the Orb.
     0 | D:1      | Reached XP level 1. HP: 19/19 MP: 0/0
   421 | D:1      | Reached skill level 4 in Axes
   765 | D:1      | Reached XP level 2. HP: 12/26 MP: 1/1
  1141 | D:2      | Noticed Sigmund
  1153 | D:2      | Killed Sigmund
  1153 | D:2      | Reached skill level 7 in Axes
  1153 | D:2      | Reached XP level 3. HP: 24/31 MP: 2/2
  1153 | D:2      | Reached XP level 4. HP: 30/39 MP: 3/3
  1153 | D:2      | Reached XP level 5. HP: 35/45 MP: 4/4
  1816 | D:3      | Noticed Natasha
  1829 | D:3      | Killed Natasha
  1991 | D:3      | Reached ** piety under Trog
  2100 | D:3      | Noticed Natasha
  2109 | D:3      | Killed Natasha
  2109 | D:3      | Reached skill level 8 in Axes
  2137 | D:3      | Noticed Robin
  2161 | D:3      | Reached XP level 6. HP: 51/51 MP: 5/5
  2170 | D:3      | Killed Robin
  2267 | D:3      | Noticed Natasha
  2275 | D:3      | Killed Natasha
  2337 | D:3      | Noticed Ijyb
  2344 | D:3      | Noticed Grinder
  2345 | D:3      | Killed Ijyb
  2354 | D:3      | Paralysed by Grinder for 3 turns
  2360 | D:3      | Killed Grinder
  2360 | D:3      | Reached skill level 9 in Axes
  2360 | D:3      | Reached XP level 7. HP: 34/57 MP: 6/6
  2672 | D:4      | Reached skill level 10 in Axes
  2857 | D:4      | Found a staircase to the Ecumenical Temple.
  3046 | D:4      | Noticed Fymir27's ghost (amateur DrTm)
  3068 | D:4      | Killed Fymir27's ghost
  3212 | D:5      | Entered Level 5 of the Dungeon
  3239 | D:5      | Reached skill level 5 in Fighting
  3568 | D:5      | Reached XP level 8. HP: 56/70 MP: 7/7
  3686 | D:5      | Reached *** piety under Trog
  3810 | D:5      | You fall through a shaft!
  3850 | D:6      | Reached skill level 11 in Axes
  4115 | D:6      | Found Waza's Distillery.
  4162 | D:6      | Got an ancient leather armour
  4357 | D:6      | Found a bloodstained altar of Trog.
  4360 | D:6      | Noticed a hippogriff
  4389 | D:6      | Killed a hippogriff
  4398 | D:6      | Reached skill level 12 in Axes
  4412 | D:6      | Reached XP level 9. HP: 57/82 MP: 8/8
  4907 | D:5      | Got a pitted iron ring
  5253 | D:7      | Found a sand-covered staircase.
  5281 | Ossuary  | Entered an ossuary
  5293 | Ossuary  | Reached **** piety under Trog
  5358 | Ossuary  | Received a gift from Trog
  5739 | D:7      | Reached skill level 13 in Axes
  6149 | D:7      | Reached skill level 10 in Fighting
  6214 | D:7      | Identified the ring of Lugonu's Indignation {Wiz Dex+6} (You found it on level 5 of the Dungeon)
  6443 | D:8      | Found a basalt altar of Yredelemnul.
  6563 | D:8      | Reached XP level 10. HP: 94/94 MP: 9/9
  6791 | D:8      | Noticed Maurice
  6798 | D:8      | Killed Maurice
  7098 | D:8      | Found Zurast's General Store.
  7218 | D:9      | Reached skill level 14 in Axes
  7235 | D:9      | Reached ***** piety under Trog
  7794 | D:9      | Found a staircase to the Lair.
  7868 | D:9      | Found a glowing silver altar of Zin.
  7975 | D:9      | Found a staircase to the Orcish Mines.
  8025 | D:9      | Found a transporter.
  8073 | D:9      | Found a transporter.
  8073 | D:9      | Noticed a frost giant
  8081 | D:9      | Found a hide-covered altar of Uskayaw.
  8081 | D:9      | Found a stormy altar of Qazlal.
  8081 | D:9      | Found an ancient bone altar of Kikubaaqudgha.
  8478 | D:10     | Entered Level 10 of the Dungeon
  8530 | D:10     | Received a gift from Trog
  8806 | D:10     | Noticed raetorn's ghost (journeyman VSFi)
  9565 | D:10     | Killed raetorn's ghost
  9565 | D:10     | Reached skill level 15 in Axes
  9577 | D:11     | Noticed a two-headed ogre
  9581 | D:11     | Killed a two-headed ogre
  9581 | D:11     | Reached XP level 11. HP: 74/105 MP: 10/10
 10159 | D:11     | Noticed a two-headed ogre
 10165 | D:11     | Killed a two-headed ogre
 10165 | D:11     | Reached skill level 5 in Armour
 10295 | D:11     | Reached skill level 5 in Dodging
 10603 | D:11     | Noticed a two-headed ogre
 10609 | D:11     | Killed a two-headed ogre
 10629 | D:11     | Found Hagg's Food Emporium.
 10905 | Lair:1   | Entered Level 1 of the Lair of Beasts
 11213 | Lair:1   | Noticed a seven-headed hydra
 11215 | Lair:1   | Noticed Saeniel's ghost (novice CeHu)
 11218 | Lair:1   | Noticed Lokiki's ghost (novice DsAK)
 11589 | D:12     | Noticed a cyan ugly thing
 11591 | D:12     | Noticed a deep elf mage
 11599 | D:12     | Killed a deep elf mage
 11599 | D:12     | Reached skill level 16 in Axes
 11599 | D:12     | Killed a cyan ugly thing
 11876 | D:12     | Found Jushuw's Jewellery Emporium.
 12151 | D:12     | Reached XP level 12. HP: 113/113 MP: 11/11
 12475 | D:12     | Found Jaap Muwam's Food Emporium.
 13154 | D:12     | Identified the +1 leather armour of the Kraken {rN+ Int+6 Dex-4} (You found it on level 6 of the Dungeon)
 13317 | D:13     | Noticed a centaur warrior
 13328 | D:13     | Killed a centaur warrior
 13424 | D:13     | Found Izee's General Store.
 13713 | D:13     | Reached skill level 17 in Axes
 13838 | D:13     | Noticed Rupert
 13853 | D:13     | Reached skill level 10 in Armour
 13865 | D:13     | Noticed a centaur warrior
 13868 | D:13     | Noticed Urug
 13870 | D:13     | Killed Rupert
 13874 | D:12     | Received a gift from Trog
 13875 | D:12     | Got a transparent hunting sling {god gift}
 14185 | D:12     | Killed a centaur warrior
 14395 | D:13     | Noticed Nessos
 14413 | D:12     | Reached XP level 13. HP: 89/119 MP: 12/12
 14645 | D:12     | Slain by Urug

Skill      XL: |  1  2  3  4  5  6  7  8  9 10 11 12 |
---------------+-------------------------------------+-----
Axes           | 4 7 8 9 10 12 13 15 16 17 | 17.8
Fighting       | 5 8 10 12 | 12.4
Armour         | 3 7 11 | 11.5
Dodging        | 3 7 8 |  8.0

Action                   |  1- 3 |  4- 6 |  7- 9 | 10-12 | 13-15 || total
-------------------------+-------+-------+-------+-------+-------++-------
Melee: Hand axe          |    24 |   119 |   237 |       |       ||   380
       Headbutt          |     1 |    18 |   111 |   161 |     1 ||   292
       War axe           |       |       |   240 |   130 |       ||   370
       Battleaxe         |       |       |       |   385 |     8 ||   393
Invok: Berserk           |     1 |     1 |     5 |    17 |     1 ||    25
       Burn Spellbooks   |       |       |       |     1 |       ||     1
  Eat: Chunk             |       |     2 |    21 |    21 |       ||    44
       Ration            |       |     1 |       |     6 |       ||     7
Armor: Animal skin       |     2 |     1 |       |       |       ||     3
       Chain mail        |       |    35 |   178 |   181 |       ||   394
       Plate armour      |       |       |       |    94 |     8 ||   102
Dodge: Dodged            |    13 |    50 |   143 |   262 |    14 ||   482
